 Dungeon Crawl Stone Soup version 0.27-a0-1200-g94dc6ad4cf (webtiles) character file.

Game seed: 16609570643410588370

695 27snakeeyes612 the Slasher (level 7, -1/100 HPs)
             Began as a Naga Berserker on June 1, 2021.
             Was a Believer of Trog.
             Slain by a gnoll
             ... wielding a +0 club
              (6 damage)
             ... on level 4 of the Dungeon.
             The game lasted 00:05:29 (5767 turns).

27snakeeyes612 the Slasher (Naga Berserker)         Turns: 5767, Time: 00:05:30

Health: -1/100     AC:  7    Str: 21    XL:     7   Next: 64%
Magic:  7/7        EV:  6    Int:  7    God:    Trog [**....]
Gold:   139        SH:  0    Dex: 11    Spells: 6/6 levels left

rFire    . . .     SeeInvis +   n - +2 falchion (elec)
rCold    . . .     Faith    .   (no shield)
rNeg     . . .     Spirit   .   i - +0 chain mail
rPois    +         Reflect  .   (no helmet)
rElec    .         Harm     .   (no cloak)
rCorr    .         Rampage  .   (no gloves)
Will     ++...                  (no barding)
Stlth    ..........             (no amulet)
HPRegen  1.26/turn              (no ring)
MPRegen  0.10/turn              (no ring)

@: berserking, marked, strong-willed, regenerating, quick
A: AC +2, large, see invisible, deformed body, poison resistance, slowness 2,
spit poison 1, naga tail 1
a: Spit Poison, Renounce Religion, Berserk, Trog's Hand


You were on level 4 of the Dungeon.
You worshipped Trog.
Trog was pleased with you.
You visited 1 branch of the dungeon, and saw 5 of its levels.

You collected 139 gold pieces.

Inventory:

Hand Weapons
 a - a +0 falchion
 n - a +2 falchion of electrocution (weapon)
Armour
 b - a +0 animal skin
 i - a +0 chain mail (worn)
Jewellery
 g - a ring of protection from cold
Wands
 o - a wand of iceblast (10)
Scrolls
 c - a scroll of fear {unknown}
 f - a scroll of enchant armour {unknown}
 h - a scroll of enchant weapon {unknown}
 l - a scroll of blinking {unknown}
 p - a scroll of teleportation {unknown}
 r - a scroll of identify {unknown}
Potions
 d - a potion of haste {unknown}
 e - a potion of lignification {unknown}
 j - a potion of degeneration {unknown}
 k - a potion of curing {unknown}
 m - a potion of mutation {unknown}
 q - a potion of cancellation {unknown}


   Skills:
 + Level 5.0 Fighting
 + Level 5.7 Long Blades
 + Level 3.7 Armour
 + Level 2.5 Dodging
 + Level 2.0 Stealth


You had 6 spell levels left.
You didn't know any spells.
Your spell library was empty.

Dungeon Overview and Level Annotations

Branches:
Dungeon (5/15)
 Temple: D:4-7

Altars:
Trog
Xom
The Shining One

Annotations:
D:3 2 runed translucent doors, Gilette's ghost, amateur MiBe


Innate Abilities, Weirdness & Mutations

Your serpentine skin is tough. (AC +2)
You have supernaturally acute eyesight. (SInv)
Armour fits poorly on your strangely shaped body.
Your system is resistant to poisons. (rPois)
You cover ground very slowly.
You can spit poison.
You have a snake-like lower body.


Message History

The gnoll barely misses you.
The gnoll hits you but does no damage. x2
Okay, then.
An orc comes into view. It is wielding a +0 whip.
The howler monkey hoots and howls with incredible vigour!
The gnoll hits you with a +0 flail.
* * * LOW HITPOINT WARNING * * *
The gnoll hits you with a +0 club.
* * * LOW HITPOINT WARNING * * *
A hound comes into view.
The gnoll hits you with a +0 flail.
* * * LOW HITPOINT WARNING * * *
The gnoll hits you but does no damage.
A red film seems to cover your vision as you go berserk!
You feel yourself moving faster!
You feel mighty! The gnoll hits you with a +0 club.
* * * LOW HITPOINT WARNING * * *
The gnoll hits you with a +0 club.
* * * LOW HITPOINT WARNING * * *
The gnoll hits you with a +0 whip.
* * * LOW HITPOINT WARNING * * *
You slash the orc!
You kill the orc!
Trog accepts your kill. The gnoll hits you with a +0 club.
* * * LOW HITPOINT WARNING * * *
The howler monkey hoots and howls with incredible vigour!
The hound bites you but does no damage.
An orc comes into view. It is wielding a +0 dagger.
The gnoll barely misses you. The hound bites you.
* * * LOW HITPOINT WARNING * * *
There is an open door here.
Things that are here:
a +0 whip; an orc corpse You miss the hound.
The gnoll hits you with a +0 club.
* * * LOW HITPOINT WARNING * * *
The gnoll hits you with a +0 club.
* * * LOW HITPOINT WARNING * * *
The hound bites you but does no damage.
You closely miss the hound. The gnoll hits you with a +0 club.
You die...

#################################
#......P.........................
#..............P.................
#....≈≈≈≈≈≈≈≈≈≈≈≈≈≈≈≈≈≈≈≈≈≈≈≈≈≈≈≈
#....≈≈≈≈≈≈≈≈≈≈≈≈≈≈≈≈≈≈≈≈≈≈≈≈≈≈≈≈
#....≈≈#####≈≈≈≈≈≈≈≈≈≈≈≈≈≈≈≈≈≈≈≈≈
#....≈≈#..o#.....................
#....≈≈#...######################
#....≈≈###'#..gg@h....o.
#....≈≈≈.#....gg#################
#..).≈≈≈.###...h#......#8..8#....
#....≈≈≈.#.##''##..#8..'....'....
#....≈≈≈.#.........#8..'....'....
#.P..≈≈≈.#.............#.)).#..
#....≈≈≈.#.##''#########.)..#
#....≈≈≈.###.... #....#
#....≈≈≈.#...... #....#


You could see a howler monkey (catching breath), a hound, 4 gnolls and an orc.

Vanquished Creatures
  2 ogres
  Blork the orc (D:4)
  4 howler monkeys
  A hound (D:4)
  Ijyb (D:4)
  2 adders
  11 gnolls
  An ufetubus (D:3)
  2 dart slugs
  22 orcs
  5 endoplasms
  4 giant cockroaches
  3 hobgoblins (D:1)
  10 jackals
  3 kobolds
  2 quokkas
  10 ball pythons
  3 bats
  3 frilled lizards
  11 goblins
  8 rats
109 creatures vanquished.

Vanquished Creatures (others)
  A fungus (D:4)
  2 plants (D:4)
3 creatures vanquished.

Grand Total: 112 creatures vanquished

Notes
Turn   | Place    | Note
-------+----------+-------------------------------------------
     0 | D:1      | 27snakeeyes612 the Naga Berserker began the quest for the
                  | Orb.
     0 | D:1      | Reached XP level 1. HP: 21/21 MP: 1/1
   515 | D:1      | Reached XP level 2. HP: 22/28 MP: 2/2
  1312 | D:1      | Reached XP level 3. HP: 23/34 MP: 3/3
  1794 | D:2      | Noticed an ogre
  1802 | D:2      | Killed an ogre
  1803 | D:2      | Reached XP level 4. HP: 8/44 MP: 4/4
  2123 | D:2      | Reached XP level 5. HP: 36/50 MP: 5/5
  2606 | D:2      | Reached ** piety under Trog
  2865 | D:3      | Found a faded altar of an unknown god.
  3118 | D:3      | Found a bloodstained altar of Trog.
  3180 | D:3      | Reached skill level 1 in Stealth
  3601 | D:3      | Found a shimmering altar of Xom.
  3879 | D:3      | Found a runed translucent gate.
  3880 | D:3      | Found a runed translucent gate.
  3881 | D:3      | Found a runed translucent gate.
  3881 | D:3      | You fall into a shaft and drop 2 floors!
  3881 | D:5      | Entered Level 5 of the Dungeon
  4246 | D:3      | Noticed Gilette's ghost (amateur MiBe)
  4383 | D:4      | Reached XP level 6. HP: 57/58 MP: 6/6
  4444 | D:4      | Found a glowing golden altar of the Shining One.
  4503 | D:4      | Reached skill level 5 in Long Blades
  4863 | D:4      | Reached XP level 7. HP: 14/66 MP: 7/7
  5136 | D:4      | Noticed Blork the orc
  5375 | D:4      | Killed Blork the orc
  5444 | D:4      | Identified the +10 hand axe of the Lurker {pain, rElec rC-
                  | SInv}
  5474 | D:4      | HP: 2/66 [gnoll/+0 flail (3)]
  5527 | D:4      | Noticed Ijyb
  5534 | D:4      | Killed Ijyb
  5742 | D:4      | Reached skill level 5 in Fighting
  5766 | D:4      | HP: 4/100 [gnoll/+0 club (3)]
  5767 | D:4      | Slain by a gnoll

Illustrated notes

Levels and vault maps discovered:
D:1:      matt_arrival_refuge, layout_basic
D:2:      layout_basic, chequers_serial_rivers_large_b
D:3:      layout_loops_corners, lemuel_crystal_altar, trog_butcher_becter,
          hellmonk_ecumenical_altar_heavens_door, gammafunk_ghost_icy
D:4:      lemuel_castle_with_subvaults [lemuel_castle_interior_carwin_2],
          layout_basic, kennysheep_mini_moat, kennysheep_mini,
          gammafunk_temple_overflow_elements, uniq_robin, uniq_ijyb,
          uniq_blork_the_orc
D:5:      layout_basic, marbit_many_paths, minmay_temple_entry_mist,
          kennysheep_generic_room_6, uniq_crazy_yiuf_cottage, uniq_sigmund,
          uniq_duvessa

Skill      XL: |  1  2  3  4  5  6  7 |
---------------+----------------------+-----
Fighting       | 4 5 |  5.0
Long Blades    | 4 5 |  5.7
Dodging        | 2 |  2.5
Stealth        | 1 2 |  2.0
Armour         | 2 3 |  3.7

Action                   |  1- 3 |  4- 6 |  7- 9 || total
-------------------------+-------+-------+-------++-------
Melee: Falchion          |    82 |   149 |    69 ||   300
Invok: Berserk           |     1 |     3 |     3 ||     7
       Trog's Hand       |       |     1 |     3 ||     4
 Abil: Spit Poison       |       |    24 |    16 ||    40
Armor: Animal skin       |    14 |    17 |       ||    31
       Chain mail        |       |    65 |    25 ||    90
Dodge: Dodged            |    34 |    91 |    25 ||   150
       Rpst.: Falchion   |     7 |    26 |     7 ||    40

Table legend: (Time is in decaauts)
 A = Elapsed time spent in this place.
 B = Non-inter-level travel time spent in this place.
 C = Inter-level travel time spent in this place.
 D = Time resting spent in this place.
 E = Time spent auto-exploring this place.
 F = Levels seen in this place.
 G = Mean time per level.
                   A        B        C        D        E       F      G
               +--------+--------+--------+--------+--------+-----+--------+
         Total |   6813 |   6736 |     77 |   1328 |   4462 |   5 | 1362.6 |
       Dungeon |   6813 |   6736 |     77 |   1328 |   4462 |   5 | 1362.6 |
               +--------+--------+--------+--------+--------+-----+--------+

Top non-repeatable levels by time:
     D:3: 2141 daAuts
     D:1: 1978 daAuts
     D:2: 1610 daAuts
     D:4: 1051 daAuts
     D:5: 31 daAuts
